 Dungeon Crawl Stone Soup version 0.29-a0-643-ga013cefcf8 (webtiles) character file.

Game seed: 12544122088448326784

8890 quinnr the Zephyrmancer (level 11, -24/64 HPs)
             Began as a Tengu Air Elementalist on June 20, 2022.
             Was a Follower of Vehumet.
             Annihilated by a boulder beetle (40 damage)
             ... on level 10 of the Dungeon.
             The game lasted 00:34:56 (17407 turns).

quinnr the Zephyrmancer (Tengu Air Elementalist)   Turns: 17407, Time: 00:34:56

Health: -24/64     AC:  5    Str:  9    XL:     11   Next: 37%
Magic:  19/19      EV: 14    Int: 20    God:    Vehumet [*.....]
Gold:   16         SH:  5    Dex: 14    Spells: 8/20 levels left

rFire   . . .      SeeInvis .   O - staff of air
rCold   . . .      Faith    .   H - +0 buckler
rNeg    . . .      Spirit   .   F - +2 robe {Archmagi}
rPois   .          Reflect  .   (helmet restricted)
rElec   +          Harm     .   (no cloak)
rCorr   +          Rampage  .   c - +0 pair of gloves
Will    .....      Archmagi +   (boots unavailable)
Stlth   +++.......              (no amulet)
HPRegen 0.20/turn               l - ring of resist corrosion
MPRegen 0.16/turn               (no ring)

@: flying quickly and evasively, invisible, quick
A: beak, talons 3, nimble flight
a: Renounce Religion


You were on level 10 of the Dungeon.
You worshipped Vehumet.
Vehumet was aware of your devotion.
You visited 2 branches of the dungeon, and saw 12 of its levels.

You collected 497 gold pieces.
You spent 481 gold pieces at shops.

Inventory:

Hand Weapons
 g - a +0 dagger
Missiles
 v - 19 poisoned darts
Armour
 a - a +0 robe
 c - a +0 pair of gloves (worn)
 s - an orb of mayhem
 F - a +2 robe of the Archmagi (worn)
 H - a +0 buckler (worn)
Magical Staves
 d - a staff of death
 O - a staff of air (weapon)
Jewellery
 l - a ring of resist corrosion (left hand)
 E - a ring of fire
Wands
 j - a wand of quicksilver (4)
 G - a wand of flame (16)
 I - a wand of iceblast (4)
 M - a wand of paralysis (5)
Scrolls
 b - a scroll of brand weapon {unknown}
 e - a scroll of blinking
 h - a scroll of magic mapping
 n - a scroll of amnesia {unknown}
 o - 3 scrolls of noise
 r - a scroll of vulnerability {unknown}
 u - 2 scrolls of fog {unknown}
 x - a scroll of torment {unknown}
 y - 9 scrolls of teleportation
 C - 2 scrolls of fear {unknown}
 D - 3 scrolls of enchant weapon {unknown}
 N - a scroll of enchant armour {unknown}
Potions
 f - 4 potions of attraction {unknown}
 i - 4 potions of curing {unknown}
 k - 2 potions of cancellation
 m - 2 potions of flight
 p - a potion of degeneration
 q - 4 potions of invisibility
 t - 2 potions of haste
 w - 2 potions of brilliance
 z - a potion of resistance
 A - a potion of mutation
 B - a potion of berserk rage
 K - a potion of lignification
 L - a potion of might


   Skills:
 + Level 6.0 Fighting
 - Level 2.1 Dodging
 + Level 6.2 Stealth
 - Level 4.0 Shields
 - Level 5.0 Spellcasting
 - Level 11.3 Conjurations
 + Level 3.5 Ice Magic
 + Level 13.2 Air Magic
 + Level 2.1 Evocations


You had 8 spell levels left.
You knew the following spells:

 Your Spells              Type           Power      Damage    Failure   Level
a - Shock                 Conj/Air       100%       1d9       1%          1
b - Static Discharge      Conj/Air       89%        N/A       1%          2
c - Airstrike             Air            46%        N/A       1%          4
d - Freezing Cloud        Conj/Ice/Air   38%        6-21      9%          5

Your spell library contained the following spells:

 Spells                   Type           Power      Damage    Failure   Level
 Sandblast                Erth           14%        2d6       14%         1
 Swiftness                Air            92%        N/A       1%          3
 Summon Small Mammal      Summ           28%        N/A       14%         1
 Call Canine Familiar     Summ           7%         N/A       41%         3
 Summon Guardian Golem    Hex/Summ       7%         N/A       41%         3
 Simulacrum               Ice/Necr       9%         N/A       100%        6
 Polar Vortex             Ice            14%        N/A       100%        9


Dungeon Overview and Level Annotations

Branches:
Dungeon (11/15)            Temple (1/1) D:7            Lair (0/6) D:11
    Orc: D:9-12

Altars:
Ashenzari
Cheibriados
Dithmenos
Elyvilon
Fedhas
Gozag
Hepliaklqana
Kikubaaqudgha
Makhleb
Nemelex Xobeh
Okawaru
Qazlal
Ru
Sif Muna
Trog
Uskayaw
Vehumet
Wu Jian
Xom
Yredelemnul
Zin
The Shining One

Shops:
D:6 ?   D:10 *

Annotations:
D:3 1 runed translucent door, Crazy Yiuf


Innate Abilities, Weirdness & Mutations

You have a beak for a mouth.
You have claws for feet.
Your magical nature lets you fly swiftly and evasively.


Message History

The boulder beetle is lightly wounded.
The boulder beetle curls into a ball and begins rolling!
The boulder beetle is engulfed in freezing vapours.
You fly upwards.
There is a stone staircase leading down, spattered with blood here.
You start resting.
Your magical contamination has completely faded away.
You start resting.
Magic restored.
You start waiting.
Done waiting.
You fly downwards.
The boulder beetle closely misses you. The boulder beetle bites you!!
There is a stone staircase leading up, spattered with blood here.
Unknown command.
The boulder beetle bites you!!
* * * LOW HITPOINT WARNING * * *
You fly upwards.
There is a stone staircase leading down, spattered with blood here.
You see here a +0 flail.
Things that are here:
a +0 chain mail; a +0 halberd
Things that are here:
a +0 scale mail; a +0 mace The boulder beetle curls into a ball and begins rolling! 2 orc wizards and an orc priest come into view.
The orc priest is wielding a +1 dagger of protection.
The orc priest shouts!
The orc wizard shouts!
The orc priest barely misses you.
Blink to where?
Press: ? - help, Dir - move target
As you read the scroll of blinking, it crumbles to dust.
Found 12 gold pieces.
Okay, then.
Okay, then.
You fade into invisibility!
The orc priest calls down the wrath of Beogh upon something.
The boulder beetle hits you!!!
Ouch! That really hurt!
You die...

..# .# #..# .# #..#
$# #..###. .# .#
#...... .. .# #..#
#.#.# ##.# #..###.#.#
#..# .....(...# #@#
#......... #B#
........# #○#
#.####.<# #°# #)#
#..# ####°# #.# #..#
...°# ..# #..# #..#
######.[#######.o####
.[......[>)°°B......#


You could see a boulder beetle (rolling, can't see you) and an orc priest (can't
see you).

Vanquished Creatures
  Pikel (D:5)
  3 trolls
  Grinder (D:6)
  Prince Ribbit (D:6)
  A shadow (D:9)
  23 yaks
  A wraith (D:10)
  A water moccasin (D:8)
  6 orc warriors
  2 black bears
  4 ice beasts
  An ogre (D:6)
  A lemure (D:6)
  3 centaurs
  A phantom (D:3)
  Blork the orc (D:6)
  2 kobold brigands
  2 gnoll sergeants
  3 scorpions
  2 necrophages
  4 wights
  A killer bee (D:11)
  5 electric eels (D:8)
  A howler monkey (D:8)
  4 jellies
  6 orc priests
  A gnoll shaman (D:8)
  2 hounds
  2 iguanas
  12 orc wizards
  14 gnolls
  9 adders
  A shadow imp (D:4)
  3 white imps (D:6)
  2 ufetubi
  2 worms
  3 dart slugs
  46 orcs
  10 ball pythons
  6 bats
  10 endoplasms
  4 giant cockroaches
  8 goblins
  16 hobgoblins
  7 jackals (D:4)
  10 kobolds
  5 quokkas
254 creatures vanquished.

Vanquished Creatures (others)
  7 plants
7 creatures vanquished.

Grand Total: 261 creatures vanquished

Notes
Turn   | Place    | Note
-------+----------+-------------------------------------------
     0 | D:1      | quinnr the Tengu Air Elementalist began the quest for the
                  | Orb.
     0 | D:1      | Reached XP level 1. HP: 10/10 MP: 4/4
   445 | D:1      | Reached XP level 2. HP: 15/15 MP: 3/6
   617 | D:1      | Reached skill level 5 in Air Magic
   891 | D:1      | Reached XP level 3. HP: 19/19 MP: 0/7
  1633 | D:2      | Reached skill level 6 in Air Magic
  1912 | D:2      | Learned a level 2 spell: Static Discharge
  1925 | D:2      | Reached XP level 4. HP: 19/24 MP: 2/8
  2724 | D:2      | Reached skill level 7 in Air Magic
  3211 | D:3      | Gained mutation: Your magical nature lets you fly swiftly
                  | and evasively. [Tengu growth]
  3211 | D:3      | Reached XP level 5. HP: 28/28 MP: 6/9
  3309 | D:3      | Found a faded altar of an unknown god.
  3533 | D:3      | Noticed a phantom
  3552 | D:3      | Killed a phantom
  4074 | D:3      | Reached skill level 8 in Air Magic
  4074 | D:3      | Reached XP level 6. HP: 17/32 MP: 4/11
  4345 | D:3      | Found a runed translucent door.
  4346 | D:3      | Noticed Crazy Yiuf
  4817 | D:4      | Reached skill level 1 in Fighting
  6045 | D:5      | Entered Level 5 of the Dungeon
  6119 | D:5      | Noticed an ice beast
  6182 | D:4      | Learned a level 4 spell: Airstrike
  6262 | D:5      | Noticed a black bear
  6376 | D:5      | Reached XP level 7. HP: 27/40 MP: 3/12
  6573 | D:5      | Noticed a yak
  6574 | D:5      | Noticed a yak
  6633 | D:4      | Killed a yak
  6634 | D:4      | Reached skill level 9 in Air Magic
  6970 | D:5      | Noticed a yak
  6972 | D:5      | Noticed a yak
  6973 | D:5      | Noticed a yak
  6992 | D:5      | Killed a yak
  6993 | D:5      | Reached skill level 10 in Air Magic
  6994 | D:5      | Killed a yak
  6995 | D:5      | Reached XP level 8. HP: 22/44 MP: 2/13
  7003 | D:5      | Killed a yak
  7004 | D:5      | Reached skill level 11 in Air Magic
  7397 | D:5      | Found a shadowy altar of Dithmenos.
  7816 | D:5      | Killed a yak
  7932 | D:5      | Reached skill level 12 in Air Magic
  8159 | D:6      | Reached skill level 5 in Spellcasting
  8255 | D:6      | Reached XP level 9. HP: 31/49 MP: 8/17
  8396 | D:6      | Found Suqupuis's Magic Scroll Shoppe.
  8444 | D:6      | Noticed Prince Ribbit
  8450 | D:6      | Killed Prince Ribbit
  8492 | D:6      | Noticed Blork the orc
  8495 | D:6      | Killed Blork the orc
  8601 | D:6      | Bought a scroll of identify for 26 gold pieces
  8601 | D:6      | Bought a scroll of identify for 26 gold pieces
  8601 | D:6      | Bought a scroll of identify for 26 gold pieces
  8601 | D:6      | Bought a scroll of teleportation for 39 gold pieces
  8601 | D:6      | Bought a scroll of teleportation for 39 gold pieces
  8882 | D:6      | Reached skill level 5 in Conjurations
  9267 | D:6      | Noticed Pikel
  9284 | D:5      | Killed Pikel
  9583 | D:6      | Reached skill level 10 in Conjurations
  9583 | D:6      | Reached XP level 10. HP: 33/56 MP: 4/18
  9844 | D:6      | Noticed Grinder
  9854 | D:6      | Paralysed by Grinder for 2 turns
  9857 | D:6      | Killed Grinder
 10951 | D:7      | Reached skill level 1 in Shields
 11614 | D:7      | Found a staircase to the Ecumenical Temple.
 11623 | Temple   | Entered the Ecumenical Temple
 11796 | Temple   | Became a worshipper of Vehumet
 12192 | D:8      | Learned a level 5 spell: Freezing Cloud
 12282 | D:8      | Found a basalt altar of Yredelemnul.
 12899 | D:8      | Reached skill level 1 in Ice Magic
 13056 | D:8      | Found a hazy altar of Hepliaklqana.
 13495 | D:9      | Reached * piety under Vehumet
 13495 | D:9      | Offered knowledge of Sandblast by Vehumet.
 13899 | D:9      | Found a white marble altar of Elyvilon.
 13899 | D:9      | Found a blossoming altar of Fedhas.
 14385 | D:9      | Reached skill level 5 in Stealth
 14387 | D:9      | Reached skill level 5 in Fighting
 14884 | D:9      | Found a broken altar of Ashenzari.
 14906 | D:9      | Reached XP level 11. HP: 32/64 MP: 3/19
 15336 | D:10     | Entered Level 10 of the Dungeon
 16181 | D:10     | Reached skill level 13 in Air Magic
 16181 | D:10     | Reached skill level 1 in Evocations
 16364 | D:10     | Found Fatamialipi's Elemental Accessories.
 16374 | D:10     | Bought a staff of air for 325 gold pieces
 16587 | D:10     | Identified the +0 chain mail "Pacuuff" {Int+2}
 17185 | D:11     | Noticed a boulder beetle
 17407 | D:10     | Annihilated by a boulder beetle

Illustrated notes

Levels and vault maps discovered:
D:1:      dpeg_arrival_tiny_f, layout_basic, chequers_jeans,
          serial_bayou_crossing
D:2:      layout_loops_corners
D:3:      layout_basic, shapermc_ecumenical_altar_mp_urbaneastern,
          small_statue_intersection, patterned_corridor, uniq_crazy_yiuf_cottage
D:4:      layout_loops_corners, portal_sewer_entry_d, corexii_shack
D:5:      layout_gridville, nicolae_dithmenos_through_a_glass_darkly
D:6:      layout_loops_ring, serial_shops, shop, uniq_pikel,
          uniq_prince_ribbit1, uniq_blork_the_orc, uniq_grinder
D:7:      layout_cave_pools, minmay_temple_entry_glassed_door
D:8:      layout_gridville, nicolae_hepliaklqana_hippocampus, kennysheep_mini,
          serial_bayou, serial_bayou_lagoon_a, serial_bayou_pond_c,
          serial_bayou_ford_a, serial_bayou_shore_a, kennysheep_flooded_box
D:9:      layout_basic, ashenzari_altar_1, jmf_multi_god_temple
D:10:     layout_loops_ring, nicolae_elemental_shop
D:11:     hangedman_cross_stitches, layout_rooms, dpeg_oklobed_lair,
          muffindrake_ghost_dual_entry, grunt_decor_clamped,
          nicolae_wu_jian_wuxing_cycle, uniq_sonja, uniq_psyche, uniq_grum
Temple:   regret_index_temple_sphere_string

Skill      XL: |  1  2  3  4  5  6  7  8  9 10 11 |
---------------+----------------------------------+-----
Air Magic      | 5 6 7 8 10 12 13 | 13.2
Spellcasting   | 3 5 |  5.0
Fighting       | 2 4 5 6 |  6.0
Stealth        | 3 4 5 6 |  6.2
Conjurations   | 2 10 11 | 11.3
Shields        | 4 |  4.0
Ice Magic      | 2 3 |  3.5
Evocations     | 2 |  2.1
Dodging        | |  2.1

Action                   |  1- 3 |  4- 6 |  7- 9 | 10-12 || total
-------------------------+-------+-------+-------+-------++-------
Melee: Staff             |       |     1 |     1 |     9 ||    11
       Peck              |       |     1 |     1 |     1 ||     3
       Kick              |       |       |     1 |     6 ||     7
 Cast: Shock             |    89 |   155 |    99 |   204 ||   547
       Static Discharge  |     1 |    14 |    10 |    37 ||    62
       Airstrike         |       |       |    26 |    50 ||    76
       Freezing Cloud    |       |       |       |     2 ||     2
Evoke: Wand              |       |       |     3 |     1 ||     4
  Use: Scroll            |       |     5 |     4 |     8 ||    17
       Potion            |       |       |     1 |     3 ||     4
Armor: Robe              |     5 |     7 |     7 |    28 ||    47
Dodge: Dodged            |     5 |    27 |    14 |    90 ||   136
Block: Buckler           |       |       |       |    25 ||    25

Table legend: (Time is in decaauts)
 A = Elapsed time spent in this place.
 B = Non-inter-level travel time spent in this place.
 C = Inter-level travel time spent in this place.
 D = Time resting spent in this place.
 E = Time spent auto-exploring this place.
 F = Levels seen in this place.
 G = Mean time per level.
                   A        B        C        D        E       F      G
               +--------+--------+--------+--------+--------+-----+--------+
         Total |  16848 |  16363 |    485 |   3501 |  10937 |  12 | 1404.0 |
       Dungeon |  16663 |  16213 |    450 |   3501 |  10803 |  11 | 1514.8 |
        Temple |    184 |    150 |     34 |      0 |    133 |   1 |  184.0 |
               +--------+--------+--------+--------+--------+-----+--------+

Top non-repeatable levels by time:
     D:6: 2626 daAuts
     D:9: 2154 daAuts
     D:4: 2061 daAuts
     D:2: 1576 daAuts
     D:8: 1554 daAuts
     D:1: 1537 daAuts
     D:5: 1531 daAuts
     D:3: 1405 daAuts
    D:10: 1067 daAuts
     D:7: 702 daAuts
    D:11: 445 daAuts
  Temple: 184 daAuts
